 Dungeon Crawl Stone Soup version 0.28-a0-595-g9f6c0e134a (webtiles) character file.

Game seed: 815885033680530638

321 siradein the Sneak (level 6, 0/52 HPs)
             Began as a Draconian Brigand on Oct 5, 2021.
             Slain by a black bear (2 damage)
             ... on level 3 of the Dungeon.
             The game lasted 00:12:40 (4587 turns).

siradein the Sneak (Draconian Brigand)              Turns: 4587, Time: 00:12:40

Health: 0/52       AC:  7    Str: 13    XL:     6   Next: 22%
Magic:  6/6        EV: 12    Int: 12    God:
Gold:   174        SH:  0    Dex: 14    Spells: 5/5 levels left

rFire   . . .      SeeInvis .   a - +2 dagger
rCold   . . .      Faith    .   (no shield)
rNeg    . . .      Spirit   .   (armour unavailable)
rPois   +          Reflect  .   (helmet restricted)
rElec   .          Harm     .   b - +0 cloak
rCorr   .          Rampage  .   (no gloves)
Will    .....                   (no boots)
Stlth   +++.......              (no amulet)
HPRegen 0.17/turn               o - ring of poison resistance
MPRegen 0.10/turn               (no ring)

@: no status effects
A: AC +6, unfitting armour, cold-blooded
a: no special abilities


You were on level 3 of the Dungeon.
You visited 1 branch of the dungeon, and saw 4 of its levels.

You collected 174 gold pieces.

Inventory:

Hand Weapons
 a - a +2 dagger (weapon)
 f - a +0 hunting sling
Missiles
 c - 6 poisoned darts (quivered)
 d - 12 curare-tipped darts
 g - 2 throwing nets
 k - 19 sling bullets
 m - 70 stones
Armour
 b - a +0 cloak (worn)
Jewellery
 o - a ring of poison resistance (left hand)
Scrolls
 e - a scroll of summoning {unknown}
 h - 2 scrolls of fear {unknown}
 j - a scroll of teleportation {unknown}
 p - 3 scrolls of identify {unknown}
 q - a scroll of noise {unknown}
Potions
 i - a potion of curing {unknown}
 l - 2 potions of heal wounds {unknown}
 n - 2 potions of brilliance {unknown}


   Skills:
 + Level 3.7 Fighting
 + Level 3.3 Short Blades
 + Level 3.0 Throwing
 + Level 2.5 Dodging
 + Level 4.6 Stealth


You had 5 spell levels left.
You didn't know any spells.
Your spell library contained the following spells:

 Spells                   Type           Power      Damage    Failure   Level
 Sublimation of Blood     Necr           0%         N/A       45%         2
 Wereblood                Tmut           0%         N/A       45%         2
 Summon Hydra             Summ           0%         N/A       100%        7


Dungeon Overview and Level Annotations

Branches:
Dungeon (4/15)
 Temple: D:4-7

Altars:
Uskayaw

Annotations:
D:3 1 runed translucent door, AttackTheMoon's ghost, amateur BaFi


Innate Abilities, Weirdness & Mutations

Your plain brown scales are hard. (AC +6)
You cannot fit into any form of body armour.
You are cold-blooded and may be slowed by cold attacks.


Message History

The poisoned dart closely misses the black bear.
The poisoned dart hits the goblin!
The goblin is poisoned.
The black bear bites you but does no damage.
The black bear claws you but does no damage.
The black bear claws you.
You feel a bit more experienced.
The black bear goes berserk!
The black bear looks more healthy.
The black bear bites you but does no damage.
The black bear completely misses you.
The black bear claws you but does no damage.
You barely miss the black bear.
The black bear is almost dead.
The black bear bites you but does no damage.
The black bear claws you. The black bear completely misses you.
You hit the black bear but do no damage.
The black bear is severely wounded.
The black bear barely misses you. x3
The black bear closely misses you. The black bear barely misses you. x2
The black bear barely misses you. The black bear closely misses you.
The black bear claws you but does no damage.
There is an open door here.
Throw: 7 darts (poison)
Press: ? - help, Q - select action, (/) - cycle Shift-Dir - straight line, f/p - black bear
Aim: a black bear (severely wounded, berserk, 68% to hit)
You throw a poisoned dart. The poisoned dart hits the black bear!
The black bear is poisoned.
The black bear is severely wounded.
The black bear bites you. The black bear misses you. The black bear claws you.
The black bear barely misses you. x2; The black bear completely misses you.
The black bear bites you! The black bear closely misses you.
The black bear claws you but does no damage.
The black bear bites you. The black bear claws you.
The black bear closely misses you. The black bear bites you!
* * * LOW HITPOINT WARNING * * *
The black bear claws you.
* * * LOW HITPOINT WARNING * * *
The black bear claws you.
You die...

######################...........
'....................#...........
####################.............
# #.....# ##........#... #
#.....# #........'... # #.....#
#........#...
#.....#######........##.
##########.............######....
.........(.....h@......'.........
#......###.............######.##.
#......# #..............# #....
#......# ######.........## ####.
######## #..........# #.
#........#.# #. #####
##########.## #. ....#########
#..# #. ....'.......# ##.# #.


You could see a black bear (berserk, poisoned).

Vanquished Creatures
  An ogre (D:4)
  A scorpion (D:4)
  An iguana (D:4)
  An orc wizard (D:3)
  Robin (D:2)
  4 adders
  2 worms
  A dart slug (D:3)
  6 orcs
  4 ball pythons
  3 bats
  2 endoplasms (D:2)
  6 giant cockroaches
  14 goblins
  6 hobgoblins
  A jackal (D:2)
  A quokka (D:3)
  2 frilled lizards
  6 kobolds
  7 rats
70 creatures vanquished.

Vanquished Creatures (others)
  3 plants (D:1)
3 creatures vanquished.

Grand Total: 73 creatures vanquished

Notes
Turn   | Place    | Note
-------+----------+-------------------------------------------
     0 | D:1      | siradein the Draconian Brigand began the quest for the Orb.
     0 | D:1      | Reached XP level 1. HP: 17/17 MP: 1/1
   367 | D:1      | Reached skill level 1 in Dodging
   662 | D:1      | Reached XP level 2. HP: 25/25 MP: 2/2
  1015 | D:2      | Noticed Robin
  1331 | D:1      | Reached XP level 3. HP: 20/30 MP: 3/3
  1375 | D:2      | Killed Robin
  1661 | D:2      | Found a faded altar of an unknown god.
  2049 | D:2      | Reached skill level 4 in Stealth
  2214 | D:2      | Reached XP level 4. HP: 32/37 MP: 4/4
  3654 | D:3      | Found a runed translucent door.
  3654 | D:3      | Noticed a bullfrog
  3666 | D:3      | Noticed AttackTheMoon's ghost (amateur BaFi)
  3810 | D:3      | Reached XP level 5. HP: 40/45 MP: 5/5
  4053 | D:4      | Noticed an ogre
  4087 | D:4      | Killed an ogre
  4136 | D:4      | Reached XP level 6. HP: 23/52 MP: 6/6
  4365 | D:4      | Found a hide-covered altar of Uskayaw.
  4587 | D:3      | HP: 2/52 [black bear (6)]
  4587 | D:3      | Slain by a black bear

Illustrated notes

Levels and vault maps discovered:
D:1:      minmay_arrival_four_houses, layout_loops_ring, serial_forest,
          infiniplex_forest_lined_3, infiniplex_forest_join,
          infiniplex_forest_clump_tiny, infiniplex_forest_end_2,
          infiniplex_forest_end_2, infiniplex_forest_end_3,
          infiniplex_forest_straight_2, infiniplex_forest_side_room,
          infiniplex_forest_side_room, infiniplex_forest_lined_1
D:2:      minmay_thinvault, layout_rooms, basic_ecumenical_altar, hex_tiny,
          minmay_misc_feat_plants, uniq_robin
D:3:      layout_basic, ebering_ghost_sewer_d
D:4:      layout_gridville, mainiacjoe_overflow_tiny_flanked, serial_park_tiny_2

Skill      XL: |  1  2  3  4  5 |
---------------+----------------+-----
Dodging        | 1 2 |  2.5
Throwing       | 2 3 |  3.0
Stealth        | 4 |  4.6
Fighting       | 3 |  3.7
Short Blades   | 3 |  3.3

Action                   |  1- 3 |  4- 6 || total
-------------------------+-------+-------++-------
Melee: Dagger            |   127 |   136 ||   263
       Tailslap          |    19 |    13 ||    32
 Fire: Hunting sling     |       |     1 ||     1
Throw: Dart              |       |    17 ||    17
 Stab: Sleeping          |    12 |     6 ||    18
       Distracted        |     1 |       ||     1
Armor: Skin              |    40 |    64 ||   104
Dodge: Dodged            |    65 |    89 ||   154

Table legend: (Time is in decaauts)
 A = Elapsed time spent in this place.
 B = Non-inter-level travel time spent in this place.
 C = Inter-level travel time spent in this place.
 D = Time resting spent in this place.
 E = Time spent auto-exploring this place.
 F = Levels seen in this place.
 G = Mean time per level.
                   A        B        C        D        E       F      G
               +--------+--------+--------+--------+--------+-----+--------+
         Total |   4554 |   4253 |    301 |    692 |   2780 |   4 | 1138.5 |
       Dungeon |   4554 |   4253 |    301 |    692 |   2780 |   4 | 1138.5 |
               +--------+--------+--------+--------+--------+-----+--------+

Top non-repeatable levels by time:
     D:3: 1466 daAuts
     D:1: 1417 daAuts
     D:2: 1292 daAuts
     D:4: 378 daAuts
